 Dungeon Crawl Stone Soup version 0.29.1-15-g9cfb28693d (webtiles) character file.

Game seed: 10789539583415358473

177 javelincjr the Caller (level 5, -5/37 HPs)
             Began as a Gnoll Summoner on Apr 17, 2023.
             Was an Initiate of Yredelemnul.
             Slain by Sigmund
             ... wielding a +0 scythe
              (8 damage)
             ... on level 3 of the Dungeon.
             The game lasted 00:10:46 (2288 turns).

javelincjr the Caller (Gnoll Summoner)              Turns: 2288, Time: 00:10:46

Health: -5/37      AC:  8    Str: 12    XL:     5   Next: 57%
Magic:  12/12      EV: 13    Int: 15    God:    Yredelemnul [......]
Gold:   45         SH:  0    Dex: 12    Spells: 13/14 levels left

rFire   . . .      SeeInvis .   f - +0 whip (drain)
rCold   . . .      Faith    .   n - orb {mayhem}
rNeg    + . .      Spirit   .   a - +0 robe
rPois   .          Reflect  .   p - +0 helmet
rElec   .          Harm     .   (no cloak)
rCorr   .          Rampage  .   (no gloves)
Will    +....                   r - +0 pair of boots
Stlth   +++.......              (no amulet)
HPRegen 0.12/turn               m - ring "Cassin Esiqu" {rN+ Will+ Str+3}
MPRegen 0.13/turn               o - +4 ring of protection

@: no status effects
A: fangs 1, strong nose, distributed training
a: Renounce Religion, Recall Undead Harvest


You were on level 3 of the Dungeon.
You worshipped Yredelemnul.
Yredelemnul was noncommittal.
You visited 1 branch of the dungeon, and saw 3 of its levels.

You collected 45 gold pieces.

Inventory:

Hand Weapons
 c - a +0 long sword
 f - a +0 whip of draining (weapon)
 l - a +1 sling of flaming
 q - a +3 dagger of holy wrath
Armour
 a - a +0 robe (worn)
 n - an orb of mayhem (worn)
 p - a +0 helmet (worn)
 r - a +0 pair of boots (worn)
Jewellery
 m - the ring "Cassin Esiqu" (left hand) {rN+ Will+ Str+3}
   (You found it on level 2 of the Dungeon)

   [ring of willpower]

   Str:       It affects your strength (+3).
   rN:        It protects you from negative energy.
   Will:      It increases your willpower.
 o - a +4 ring of protection (right hand)
Scrolls
 e - 4 scrolls of identify {unknown}
 g - a scroll of fear {unknown}
 j - a scroll of brand weapon {unknown}
Potions
 b - a potion of magic
 d - 2 potions of brilliance {unknown}
 h - a potion of heal wounds {unknown}
 i - a potion of curing {unknown}
 k - a potion of might {unknown}


   Skills:
 + Level 1.6 Fighting
 + Level 1.6 Short Blades
 + Level 1.6 Long Blades
 + Level 1.6 Axes
 + Level 1.6 Maces & Flails
 + Level 1.6 Polearms
 + Level 1.6 Staves
 + Level 1.6 Ranged Weapons
 + Level 1.6 Throwing
 + Level 1.6 Armour
 + Level 4.8 Dodging
 + Level 4.4 Stealth
 + Level 1.6 Shields
 + Level 1.6 Unarmed Combat
 + Level 5.2 Spellcasting
 + Level 1.3 Conjurations
 + Level 1.3 Hexes
 + Level 7.2 Summonings
 + Level 1.3 Necromancy
 + Level 1.3 Translocations
 + Level 1.3 Transmutations
 + Level 1.3 Fire Magic
 + Level 1.3 Ice Magic
 + Level 1.3 Air Magic
 + Level 1.3 Earth Magic
 + Level 1.3 Poison Magic
 + Level 1.8 Invocations
 + Level 1.6 Evocations


You had 13 spell levels left.
You knew the following spells:

 Your Spells              Type           Power      Damage    Failure   Level
a - Summon Small Mammal   Summ           100%       N/A       1%          1

Your spell library contained the following spells:

 Spells                   Type           Power      Damage    Failure   Level
 Call Imp                 Summ           25%        N/A       1%          2
 Call Canine Familiar     Summ           25%        N/A       2%          3
 Summon Guardian Golem    Hex/Summ       16%        N/A       9%          3
 Summon Lightning Spire   Summ/Air       16%        N/A       26%         4


Dungeon Overview and Level Annotations

Branches:
Dungeon (3/15)

Altars:
Yredelemnul

Annotations:
D:3 Sigmund


Innate Abilities, Weirdness & Mutations

You have very sharp teeth.
Your uncanny sense of smell can sniff out nearby items.
Your experience applies equally to all skills.


Message History

There is a stone staircase leading up here.
Your +1 sling of flaming stops flaming.
You sense an unholy aura.
f - a +0 whip of draining (weapon)
Something hits you!
You closely miss something. Something hits you but does no damage.
The orc hits you with a +0 mace.
You barely miss the orc.
The orc is heavily wounded.
Something hits you but does no damage. The orc hits you with a +0 mace.
You barely miss the orc.
The orc is heavily wounded.
The orc closely misses you.
You hit the orc but do no damage. You bite the orc, but do no damage.
The orc is heavily wounded.
Something hits you!
* * * LOW HITPOINT WARNING * * *
The orc misses you.
You completely miss the orc.
The orc is heavily wounded.
Something completely misses you. The orc hits you but does no damage.
You hit the orc but do no damage. Your bite misses the orc.
The orc is heavily wounded.
The orc completely misses you.
You miss something.
You hear some strange, mumbled words.
A puff of flame appears from out of thin air!
The puff of flame hits you!
* * * LOW HITPOINT WARNING * * *
The orc barely misses you. Something hits you but does no damage.
You hit the orc but do no damage. You bite the orc, but do no damage.
The orc is heavily wounded.
The orc hits you but does no damage.
You completely miss the orc.
The orc is heavily wounded.
Something hits you but does no damage. The orc completely misses you.
You barely miss the orc.
The orc is heavily wounded.
The orc misses you. Something hits you!
You die...
Your body rises from the dead as a mindless zombie.

#.......... #.
##...>..#
##.####......##
###..#....)...##
.......##)....#
....... #.##......
.......##.########
........{o.....##
###.....@.......>.
#......<........#
#...............#
#...............#
#...............#
#...............#
#...............#
##.............#
##.....#.....#


You could see an orc.

Vanquished Creatures
  Terence (D:2)
  A gnoll (D:2)
  4 adders (D:2)
  A worm (D:1)
  An orc (D:3)
  8 ball pythons
  3 endoplasms
  4 giant cockroaches
  6 goblins (D:2)
  5 hobgoblins
  3 bats
  2 frilled lizards
  2 kobolds
41 creatures vanquished.

Vanquished Creatures (collateral kills)
  Robin (D:2)
  3 gnolls (D:2)
  An adder (D:2)
  2 orcs (D:3)
  An endoplasm (D:2)
  4 goblins (D:2)
  A kobold (D:2)
  A quokka (D:1)
  2 bats
  A frilled lizard (D:3)
  A rat (D:1)
18 creatures vanquished.

Vanquished Creatures (others)
  A goblin (D:2)
  An orc zombie (D:3)
2 creatures vanquished.

Grand Total: 61 creatures vanquished

Notes
Turn   | Place    | Note
-------+----------+-------------------------------------------
     0 | D:1      | javelincjr the Gnoll Summoner began the quest for the Orb.
     0 | D:1      | Reached XP level 1. HP: 13/13 MP: 6/6
   144 | D:1      | Reached XP level 2. HP: 18/19 MP: 7/7
   821 | D:2      | Noticed Terence
   823 | D:2      | Identified the ring "Cassin Esiqu" {rN+ Will+ Str+3}
   890 | D:2      | Noticed Robin
   893 | D:2      | Reached skill level 5 in Spellcasting
   893 | D:2      | Reached XP level 3. HP: 25/25 MP: 7/9
  1028 | D:2      | Reached skill level 1 in Invocations
  1035 | D:2      | Reached skill level 1 in Fighting
  1035 | D:2      | Reached skill level 1 in Short Blades
  1035 | D:2      | Reached skill level 1 in Long Blades
  1035 | D:2      | Reached skill level 1 in Axes
  1035 | D:2      | Reached skill level 1 in Maces & Flails
  1035 | D:2      | Reached skill level 1 in Polearms
  1035 | D:2      | Reached skill level 1 in Staves
  1035 | D:2      | Reached skill level 1 in Ranged Weapons
  1035 | D:2      | Reached skill level 1 in Throwing
  1035 | D:2      | Reached skill level 1 in Armour
  1035 | D:2      | Reached skill level 1 in Shields
  1035 | D:2      | Reached skill level 1 in Unarmed Combat
  1035 | D:2      | Reached skill level 1 in Evocations
  1215 | D:2      | Reached XP level 4. HP: 20/32 MP: 8/11
  1224 | D:2      | Killed Robin
  1340 | D:2      | Reached skill level 1 in Conjurations
  1340 | D:2      | Reached skill level 1 in Hexes
  1340 | D:2      | Reached skill level 1 in Necromancy
  1340 | D:2      | Reached skill level 1 in Translocations
  1340 | D:2      | Reached skill level 1 in Transmutations
  1340 | D:2      | Reached skill level 1 in Fire Magic
  1340 | D:2      | Reached skill level 1 in Ice Magic
  1340 | D:2      | Reached skill level 1 in Air Magic
  1340 | D:2      | Reached skill level 1 in Earth Magic
  1340 | D:2      | Reached skill level 1 in Poison Magic
  1608 | D:2      | Killed Terence
  1609 | D:2      | Reached XP level 5. HP: 37/37 MP: 8/12
  2055 | D:2      | Found a faded altar of an unknown god.
  2063 | D:2      | Prayed at the altar of an unknown god.
  2063 | D:2      | Became a worshipper of Yredelemnul the Dark
  2063 | D:2      | Reached * piety under Yredelemnul
  2261 | D:3      | Noticed Sigmund
  2288 | D:3      | Slain by Sigmund

Illustrated notes

Levels and vault maps discovered:
D:1:      dpeg_arrival_central, layout_loops_ring, hex_tiny
D:2:      layout_rooms, hellmonk_ecumenical_altar_prayer_group,
          hangedman_decor_clover_reticule, uniq_terence, uniq_robin
D:3:      minmay_roachtagon, layout_rooms, uniq_crazy_yiuf_cottage,
          uniq_natasha, uniq_sigmund

Skill      XL: |  1  2  3  4 |
---------------+-------------+-----
Spellcasting   | 5 |  5.2
Invocations    | 1 |  1.8
Fighting       | 1 |  1.6
Short Blades   | 1 |  1.6
Long Blades    | 1 |  1.6
Axes           | 1 |  1.6
Maces & Flails | 1 |  1.6
Polearms       | 1 |  1.6
Staves         | 1 |  1.6
Ranged Weapons | 1 |  1.6
Throwing       | 1 |  1.6
Armour         | 1 |  1.6
Shields        | 1 |  1.6
Unarmed Combat | 1 |  1.6
Evocations     | 1 |  1.6
Conjurations   | 1 |  1.3
Hexes          | 1 |  1.3
Necromancy     | 1 |  1.3
Translocations | 1 |  1.3
Transmutations | 1 |  1.3
Fire Magic     | 1 |  1.3
Ice Magic      | 1 |  1.3
Air Magic      | 1 |  1.3
Earth Magic    | 1 |  1.3
Poison Magic   | 1 |  1.3
Dodging        | |  4.8
Stealth        | |  4.4
Summonings     | |  7.2

Action                   |  1- 3 |  4- 6 || total
-------------------------+-------+-------++-------
Melee: Long sword        |     4 |       ||     4
       Whip              |    25 |    10 ||    35
       Bite              |     3 |     2 ||     5
 Fire: Sling             |    48 |    69 ||   117
 Cast: Summon Small Mamm |     4 |    32 ||    36
 Stab: Sleeping          |     5 |       ||     5
Armor: Robe              |     9 |    27 ||    36
Dodge: Dodged            |    37 |    48 ||    85
